 Dungeon Crawl Stone Soup version 0.30-a0-177-g1cb5dbfd7a (webtiles) character file.

Game seed: 171104701018579055

1969 themarg the Insei (level 9, -6/68 HPs)
             Began as a Gnoll Transmuter on Oct 3, 2022.
             Was an Initiate of Qazlal.
             Mangled by a gnoll sergeant
             ... wielding a +1 trident of venom
              (14 damage)
             ... on level 7 of the Dungeon.
             The game lasted 00:19:08 (6335 turns).

themarg the Insei (Gnoll Transmuter)                Turns: 6335, Time: 00:19:09

Health: -6/68      AC:  2    Str:  9    XL:     9   Next: 20%
Magic:  15/18      EV: 27    Int: 17    God:    Qazlal [......]
Gold:   347        SH:  0    Dex: 18    Spells: 12/21 levels left

rFire   . . .      SeeInvis .      - Unarmed
rCold   . . .      Faith    .    (shield currently unavailable)
rNeg    . . .      Spirit   .    (body armour currently unavailable)
rPois   x          Reflect  .    (helmet currently unavailable)
rElec   .          Harm     .    (cloak currently unavailable)
rCorr   .          Rampage  .    (gloves currently unavailable)
Will    .....                    (boots currently unavailable)
Stlth   +++.......               (no amulet)
HPRegen 0.31/turn                g - +4 ring of evasion
MPRegen 0.16/turn                (no ring)

@: lethally poisoned (-6 -> -7), spider-form
A: venomous fangs, tiny, (fangs 1), strong nose, distributed training
a: End Transformation, Renounce Religion


You were on level 7 of the Dungeon.
You worshipped Qazlal.
Qazlal was noncommittal.
You were a venomous arachnid creature.
You visited 2 branches of the dungeon, and saw 8 of its levels.
You also visited: Sewer.

You collected 347 gold pieces.

Inventory:

Hand Weapons
 d - a +0 dagger
 f - the +9 mace "Dyakudd" {freeze, rF+ rCorr Str+6 Int-4}
   (You found it on level 4 of the Dungeon)

   It freezes those it strikes, dealing additional cold damage.
   It can also slow down cold-blooded creatures.
   Str:       It affects your strength (+6).
   Int:       It affects your intelligence (-4).
   rF:        It protects you from fire.
   rCorr:     It protects you from acid and corrosion.
 r - the +10 quarterstaff "Isaxivuco" (melded) {venom, rCorr Dex+4}
   (You found it on level 3 of the Dungeon)

   It poisons the flesh of those it strikes.
   Dex:       It affects your dexterity (+4).
   rCorr:     It protects you from acid and corrosion.
 E - a +2 spectral quarterstaff
Missiles
 q - 18 poisoned darts
Armour
 a - a +0 robe (melded)
 D - a +0 pair of gloves (melded)
Jewellery
 g - a +4 ring of evasion (left front leg)
 j - a ring of wizardry
Wands
 u - a wand of charming (8)
Scrolls
 e - a scroll of poison {unknown}
 h - a scroll of amnesia {unknown}
 i - a scroll of fear {unknown}
 k - 2 scrolls of blinking
 l - 2 scrolls of butterflies
 m - 2 scrolls of brand weapon {unknown}
 n - 5 scrolls of teleportation {unknown}
 t - 2 scrolls of immolation {unknown}
 v - a scroll of identify
 y - a scroll of magic mapping {unknown}
Potions
 b - 4 potions of lignification
 c - a potion of degeneration
 o - 2 potions of heal wounds
 p - 2 potions of attraction
 s - 2 potions of curing {unknown}
 w - 2 potions of haste {unknown}
 x - 2 potions of magic
 z - a potion of cancellation {unknown}
 A - a potion of invisibility {unknown}
 B - a potion of flight {unknown}
 C - a potion of resistance {unknown}


   Skills:
 + Level 5.0 Fighting
 + Level 4.1 Short Blades
 + Level 4.1 Long Blades
 + Level 4.1 Axes
 + Level 4.1 Maces & Flails
 + Level 4.1 Polearms
 + Level 4.1 Staves
 + Level 4.1 Ranged Weapons
 + Level 4.1 Throwing
 + Level 4.1 Armour
 + Level 6.2 Dodging
 + Level 4.1 Stealth
 + Level 4.1 Shields
 + Level 7.8 Unarmed Combat
 + Level 6.6 Spellcasting
 + Level 3.4 Conjurations
 + Level 3.4 Hexes
 + Level 3.4 Summonings
 + Level 3.4 Necromancy
 + Level 3.4 Translocations
 + Level 5.2 Transmutations
 + Level 3.4 Fire Magic
 + Level 3.4 Ice Magic
 + Level 3.4 Air Magic
 + Level 3.4 Earth Magic
 + Level 3.4 Poison Magic
 + Level 4.5 Invocations
 + Level 4.1 Evocations


You had 12 spell levels left.
You knew the following spells:

 Your Spells              Type           Power      Damage    Failure   Level
a - Beastly Appendage     Tmut           46%        N/A       6%          1
b - Wereblood             Tmut           23%        N/A       9%          2
c - Spider Form           Tmut/Pois      20%        N/A       17%         3
d - Hailstorm             Conj/Ice       17%        3d6       22%         3

Your spell library contained the following spells:

 Spells                   Type           Power      Damage    Failure   Level
 Freeze                   Ice            68%        1d8       11%         1
 Slow                     Hex            68%        N/A       11%         1
 Confusing Touch          Hex            17%        N/A       22%         3
 Frozen Ramparts          Ice            34%        1d6       22%         3
 Vampiric Draining        Necr           17%        2d7       22%         3
 Ice Form                 Ice/Tmut       20%        N/A       41%         4
 Chain Lightning          Conj/Air       8%         3d11      100%        9
 Fire Storm               Conj/Fire      8%         8d2       100%        9
 Shatter                  Erth           8%         3d10*     100%        9


Dungeon Overview and Level Annotations

Branches:
Dungeon (7/15)             Temple (1/1) D:6           Sewer (visited)

Altars:
Ashenzari
Cheibriados
Dithmenos
Elyvilon
Fedhas
Kikubaaqudgha
Makhleb
Nemelex Xobeh
Okawaru
Qazlal
Ru
Sif Muna
Trog
Uskayaw
Vehumet
Wu Jian
Yredelemnul

Shops:
D:2 [

Annotations:
D:5 3 exclusions
D:6 3 runed translucent doors, Iusername's ghost, novice MiFi


Innate Abilities, Weirdness & Mutations

You are a venomous arachnid creature.
You have poisonous fangs.
You are tiny and dextrous.
Your spellcasting is less reliable in this form.
Your armour is entirely melded.
You are incapable of wielding weapons or throwing items.
((You have very sharp teeth.))
Your uncanny sense of smell can sniff out nearby items.
Your experience applies equally to all skills.


Message History

You kill the gnoll!
Qazlal accepts your kill. The gnoll barely misses you.
The gnoll sergeant misses you.
Your Fighting skill increases to level 5!
Casting: Wereblood (safe; 2% risk of failure)
Confirm with . or Enter, or press ? or * to list all spells.
You turn into a venomous arachnid creature.
The +10 quarterstaff "Isaxivuco" {venom, rCorr Dex+4} melds into your body.
Your +0 pair of gloves melds into your body.
Your +0 robe melds into your body.
The +10 quarterstaff "Isaxivuco" {venom, rCorr Dex+4} stops dripping with poison.
You feel very sick. The gnoll closely misses you.
The gnoll sergeant barely misses you.
You bite the gnoll!
You kill the gnoll!
Qazlal accepts your kill.
You feel sick. The gnoll sergeant misses you.
You feel sick.
The gnoll sergeant completely misses you.
Things that are here:
a +0 club; a gnoll corpse The gnoll sergeant blocks your attack.
You feel sick.
The gnoll sergeant completely misses you.
You hit the gnoll sergeant.
The gnoll sergeant is lightly wounded.
You feel sick. The gnoll sergeant misses you.
You hit the gnoll sergeant but do no damage.
The gnoll sergeant is lightly wounded.
You feel sick. The gnoll sergeant closely misses you.
You bite the gnoll sergeant!
The gnoll sergeant is poisoned.
The gnoll sergeant is heavily wounded.
You feel sick. The gnoll sergeant misses you.
You hit the gnoll sergeant.
The gnoll sergeant looks as sick as possible!
The gnoll sergeant is severely wounded.
You feel sick.
You hit the gnoll sergeant but do no damage.
The gnoll sergeant is severely wounded.
The gnoll sergeant hits you with a +1 trident of venom!
You die...

#......# . ∆
....
#......#...
....
#..........#
#...
#.....####.#
#... #.....#
... #.?...#
#.....#.#.
#)).......
#)s..####
#.g..#
#....#
...### ....#
∆ .....#
......#
.......#


You could see a gnoll sergeant (extremely poisoned).

Vanquished Creatures
  Grinder (D:3)
  Sigmund (D:3)
  Menkaure (D:4)
  A water moccasin (D:5)
  A black bear (D:4)
  3 ogres
  2 centaurs
  2 phantoms (D:5)
  A necrophage (D:4)
  A scorpion (D:6)
  A jelly (D:7)
  2 hounds
  3 orc priests
  A gnoll bouda (D:5)
  2 iguanas (D:6)
  2 orc wizards
  13 gnolls
  6 adders
  An ufetubus (D:5)
  3 worms
  13 orcs
  6 ball pythons
  8 bats
  5 endoplasms
  3 giant cockroaches
  10 goblins
  10 hobgoblins
  A jackal (D:2)
  7 quokkas
  4 frilled lizards
  20 kobolds
  10 rats
145 creatures vanquished.

Notes
Turn   | Place    | Note
-------+----------+-------------------------------------------
     0 | D:1      | themarg the Gnoll Transmuter began the quest for the Orb.
     0 | D:1      | Reached XP level 1. HP: 17/17 MP: 6/6
    89 | D:1      | Reached XP level 2. HP: 19/23 MP: 5/7
   109 | D:1      | Learned a level 2 spell: Wereblood
   378 | D:1      | Found a faded altar of an unknown god.
   662 | D:1      | Reached skill level 5 in Spellcasting
   662 | D:1      | Reached XP level 3. HP: 28/28 MP: 6/9
   961 | D:2      | Reached skill level 1 in Invocations
  1098 | D:2      | Found Vuklel's Antique Armour Emporium.
  1170 | D:2      | Reached skill level 1 in Short Blades
  1170 | D:2      | Reached skill level 1 in Long Blades
  1170 | D:2      | Reached skill level 1 in Axes
  1170 | D:2      | Reached skill level 1 in Maces & Flails
  1170 | D:2      | Reached skill level 1 in Polearms
  1170 | D:2      | Reached skill level 1 in Staves
  1170 | D:2      | Reached skill level 1 in Ranged Weapons
  1170 | D:2      | Reached skill level 1 in Throwing
  1170 | D:2      | Reached skill level 1 in Armour
  1170 | D:2      | Reached skill level 1 in Stealth
  1170 | D:2      | Reached skill level 1 in Shields
  1170 | D:2      | Reached skill level 1 in Evocations
  1445 | D:2      | Reached XP level 4. HP: 31/34 MP: 11/11
  1467 | D:2      | Learned a level 3 spell: Spider Form
  1737 | D:3      | Identified the +10 quarterstaff "Isaxivuco" {venom, rCorr
                  | Dex+4}
  1822 | D:3      | Found a blossoming altar of Fedhas.
  1825 | D:3      | Noticed Sigmund
  1834 | D:3      | Killed Sigmund
  1835 | D:3      | Reached skill level 1 in Conjurations
  1835 | D:3      | Reached skill level 1 in Hexes
  1835 | D:3      | Reached skill level 1 in Summonings
  1835 | D:3      | Reached skill level 1 in Necromancy
  1835 | D:3      | Reached skill level 1 in Translocations
  1835 | D:3      | Reached skill level 1 in Fire Magic
  1835 | D:3      | Reached skill level 1 in Ice Magic
  1835 | D:3      | Reached skill level 1 in Air Magic
  1835 | D:3      | Reached skill level 1 in Earth Magic
  1835 | D:3      | Reached skill level 1 in Poison Magic
  1835 | D:3      | Reached XP level 5. HP: 32/41 MP: 8/12
  1835 | D:3      | Reached XP level 6. HP: 37/47 MP: 9/14
  2075 | D:3      | Noticed Grinder
  2089 | D:3      | Killed Grinder
  2090 | D:3      | Reached skill level 5 in Dodging
  2090 | D:3      | Reached skill level 7 in Unarmed Combat
  2090 | D:3      | Reached XP level 7. HP: 35/52 MP: 12/15
  2309 | D:4      | Identified the +9 mace "Dyakudd" {freeze, rF+ rCorr Str+6
                  | Int-4}
  2718 | D:4      | Noticed Menkaure
  2731 | D:4      | Killed Menkaure
  3109 | D:4      | Reached XP level 8. HP: 55/60 MP: 13/16
  3363 | D:5      | Entered Level 5 of the Dungeon
  3528 | D:5      | Found a shimmering blue altar of Sif Muna.
  3732 | D:5      | Found a glowing drain.
  3746 | Sewer    | Entered a sewer
  4088 | D:5      | Learned a level 3 spell: Hailstorm
  4614 | D:5      | Reached skill level 5 in Transmutations
  4845 | D:6      | Reached XP level 9. HP: 66/66 MP: 14/18
  5053 | D:6      | Found a runed translucent gate.
  5053 | D:6      | Found a runed translucent gate.
  5053 | D:6      | Found a runed translucent gate.
  5053 | D:6      | Noticed Iusername's ghost (novice MiFi)
  5160 | D:6      | Found a broken altar of Ashenzari.
  5164 | D:6      | Saw a vision of the Swamp and the Spider Nest.
  5164 | D:6      | Noticed a will-o-the-wisp
  5164 | D:6      | Noticed an eleionoma
  5164 | D:6      | Noticed an alligator
  5164 | D:6      | Noticed a spriggan druid
  5164 | D:6      | Noticed a wolf spider
  5164 | D:6      | Noticed a pharaoh ant
  5164 | D:6      | Noticed a steelbarb worm
  5164 | D:6      | Noticed a radroach
  5164 | D:6      | Noticed a pharaoh ant
  5164 | D:6      | Noticed a radroach
  5164 | D:6      | Noticed an emperor scorpion
  5165 | D:6      | Noticed a goliath frog
  5165 | D:6      | Noticed a moth of wrath
  5165 | D:6      | Noticed a pharaoh ant
  5165 | D:6      | Noticed a tyrant leech
  5166 | D:6      | Noticed a torpor snail
  5166 | D:6      | Noticed a tarantella
  5167 | D:6      | Noticed a demonic crawler
  5168 | D:6      | Noticed a four-headed hydra
  5286 | D:6      | Found a sacrificial altar of Ru.
  5352 | D:6      | Found a staircase to the Ecumenical Temple.
  5353 | D:6      | You fall into a shaft and drop 1 floor!
  5461 | Temple   | Entered the Ecumenical Temple
  5639 | Temple   | Became a worshipper of Qazlal Stormbringer
  6327 | D:7      | Reached skill level 5 in Fighting
  6335 | D:7      | Mangled by a gnoll sergeant

Illustrated notes

Levels and vault maps discovered:
D:1:      amcnicky_arrival_gap_in_the_tavern_cellar, layout_basic,
          basic_ecumenical_altar, minivault_27
D:2:      minmay_diamond_boxcup, layout_basic, serial_shops, shop_fountains,
          interstate_on_off
D:3:      layout_rooms, lemuel_round_altar, chequers_serial_rivers_micro_c,
          uniq_sigmund, uniq_grinder
D:4:      layout_basic, kennysheep_generic_room_4, uniq_menkaure
D:5:      layout_loops_corners, led_sif_pool, cheibrodos_sewer_entry_bend,
          hangedman_decor_push
D:6:      layout_basic, mainiacjoe_overflow_alcove_1, grunt_ashenzari_visionary
          [grunt_ashenzari_visionary_swamp, grunt_ashenzari_visionary_spider],
          minmay_temple_entry_fiery, ebering_ghost_rock_garden,
          corexii_item_surrounded_by_moat
D:7:      minmay_cornered_nines, layout_gridville,
          nicolae_overflow_crystal_walls, serial_shops, shop
Temple:   nicolae_temple_figure_eight

Skill      XL: |  1  2  3  4  5  6  7  8  9 |
---------------+----------------------------+-----
Spellcasting   | 5 6 |  6.6
Invocations    | 1 2 3 4 |  4.5
Short Blades   | 1 2 3 4 |  4.1
Long Blades    | 1 2 3 4 |  4.1
Axes           | 1 2 3 4 |  4.1
Maces & Flails | 1 2 3 4 |  4.1
Polearms       | 1 2 3 4 |  4.1
Staves         | 1 2 3 4 |  4.1
Ranged Weapons | 1 2 3 4 |  4.1
Throwing       | 1 2 3 4 |  4.1
Armour         | 1 2 3 4 |  4.1
Stealth        | 1 2 3 4 |  4.1
Shields        | 1 2 3 4 |  4.1
Evocations     | 1 2 3 4 |  4.1
Fighting       | 3 4 5 |  5.0
Conjurations   | 1 2 3 |  3.4
Hexes          | 1 2 3 |  3.4
Summonings     | 1 2 3 |  3.4
Necromancy     | 1 2 3 |  3.4
Translocations | 1 2 3 |  3.4
Transmutations | 4 5 |  5.2
Fire Magic     | 1 2 3 |  3.4
Ice Magic      | 1 2 3 |  3.4
Air Magic      | 1 2 3 |  3.4
Earth Magic    | 1 2 3 |  3.4
Poison Magic   | 1 2 3 |  3.4
Dodging        | 5 6 |  6.2
Unarmed Combat | 7 |  7.8

Action                   |  1- 3 |  4- 6 |  7- 9 || total
-------------------------+-------+-------+-------++-------
Melee: Unarmed           |     7 |    18 |   231 ||   256
       Dagger            |    95 |    14 |       ||   109
       Kick              |    20 |     4 |       ||    24
       Headbutt          |    18 |     1 |       ||    19
       Bite              |    10 |     1 |       ||    11
       Punch             |     3 |       |       ||     3
       Quarterstaff      |       |     6 |    25 ||    31
 Cast: Beastly Appendage |    26 |     8 |     1 ||    35
       Wereblood         |     1 |       |     3 ||     4
       Spider Form       |       |     2 |    35 ||    37
  Use: Scroll            |       |       |     6 ||     6
 Stab: Distracted        |     1 |       |       ||     1
       Sleeping          |       |       |     5 ||     5
Armor: Robe              |     8 |     2 |     2 ||    12
       Skin              |       |       |     5 ||     5
Dodge: Dodged            |    74 |    32 |   241 ||   347

Table legend: (Time is in decaauts)
 A = Elapsed time spent in this place.
 B = Non-inter-level travel time spent in this place.
 C = Inter-level travel time spent in this place.
 D = Time resting spent in this place.
 E = Time spent auto-exploring this place.
 F = Levels seen in this place.
 G = Mean time per level.
                   A        B        C        D        E       F      G
               +--------+--------+--------+--------+--------+-----+--------+
         Total |   6322 |   6026 |    296 |    575 |   3974 |   9 |  702.4 |
       Dungeon |   5809 |   5540 |    269 |    575 |   3701 |   7 |  829.9 |
        Temple |    223 |    196 |     27 |      0 |    171 |   1 |  223.0 |
         Sewer |    288 |    288 |      0 |      0 |    102 |   1 |  288.0 |
               +--------+--------+--------+--------+--------+-----+--------+

Top non-repeatable levels by time:
     D:6: 1205 daAuts
     D:5: 1184 daAuts
     D:4: 1057 daAuts
     D:1: 843 daAuts
     D:2: 815 daAuts
     D:3: 629 daAuts
   Sewer: 288 daAuts
  Temple: 223 daAuts
     D:7: 74 daAuts
